 Dungeon Crawl Stone Soup version 0.21-b1-21-g86478ac (webtiles) character file.

13148 ricardofg the Destroyer (level 12, -6/68 HPs)
             Began as a Gargoyle Wizard on Jan 4, 2018.
             Was an Elder of Vehumet.
             Mangled by a skeletal warrior
             ... wielding a +0 glaive
             ... led by a skeletal warrior
              (14 damage)
             ... on level 11 of the Dungeon.
             The game lasted 01:02:06 (15260 turns).

ricardofg the Destroyer (Gargoyle Wizard)          Turns: 15260, Time: 01:02:06

Health: -6/68      AC: 14    Str: 18    XL:     12   Next: 3%
Magic:  9/23       EV: 13    Int: 23    God:    Vehumet [****..]
Gold:   645        SH:  6    Dex: 10    Spells: 14/26 levels left

rFire    + + +     SeeInvis .   q - +5 short sword of Springtime {speed, *Drain +Fly rF+ Str+3}
rCold    . . .     Gourm    .   (no shield)
rNeg     + . .     Faith    .   n - +0 robe
rPois    ∞         Spirit   .   r - +1 hat
rElec    +         Reflect  +   (no cloak)
rCorr    .         Harm     .   t - +0 pair of gloves
MR       .....                  S - +0 pair of boots
Stlth    ++........             x - +6 amulet of reflection
HPRegen  0.21/turn              Q - ring "Heommiupn" {Wiz rF++ MR- Slay+3}
MPRegen  0.18/turn              h - ring "Deta" {+Blink Str+3 Dex+2}

@: no status effects
A: negative energy resistance 1, electricity resistance, unbreathing,
petrification resistance, rot immunity, AC +8
a: Renounce Religion, Evoke Blink, Evoke Flight


You were on level 11 of the Dungeon.
You worshipped Vehumet.
Vehumet was greatly pleased with you.
You were not hungry.

You visited 2 branches of the dungeon, and saw 12 of its levels.
You also visited: Sewer.

You collected 645 gold pieces.

Inventory:

Hand Weapons
 q - the +5 short sword of Springtime (weapon) {speed, *Drain +Fly rF+ Str+3}
   (You found it on level 4 of the Dungeon)

   Attacks with this weapon are significantly faster.
   It affects your strength (+3).
   It protects you from fire.
   It lets you fly.
   It causes draining when unequipped.
 J - a +1 flail of protection
Armour
 n - a +0 robe (worn)
 r - a +1 hat (worn)
 t - a +0 pair of gloves (worn)
 S - a +0 pair of boots (worn)
Magical Staves
 e - an uncursed staff of death {unknown}
 H - an uncursed staff of conjuration {unknown}
Jewellery
 g - the amulet "Nore" {Inacc rPois rF+ Int-2 Dex+4, unknown}
   (You found it on level 9 of the Dungeon)

   [amulet of inaccuracy]

   It reduces the accuracy of all your attacks.
   It affects your intelligence (-2).
   It affects your dexterity (+4).
   It protects you from fire.
   It protects you from poison.
 h - the ring "Deta" (right hand) {+Blink Str+3 Dex+2}
   (You took it off a centaur warrior on level 9 of the Dungeon)

   [ring of strength]

   It affects your strength (+3).
   It affects your dexterity (+2).
   It lets you blink.
 k - an uncursed ring of see invisible
 x - a +6 amulet of reflection (around neck)
 A - a +6 ring of strength
 O - the ring "Liaweul" {rC+ rN+ Str-5 Int+5 Dex-5}
   (You found it on level 9 of the Dungeon)

   [ring of protection from cold]

   It affects your strength (-5).
   It affects your intelligence (+5).
   It affects your dexterity (-5).
   It protects you from cold.
   It protects you from negative energy.
 Q - the ring "Heommiupn" (left hand) {Wiz rF++ MR- Slay+3}
   (You took it off a skeletal warrior on level 9 of the Dungeon)

   [ring of wizardry]

   It improves your spell success rate.
   It affects your accuracy and damage with ranged weapons and melee attacks
   (+3).
   It greatly protects you from fire.
   It affects your resistance to hostile enchantments.
Wands
 s - a wand of random effects (23)
 u - a wand of iceblast (13)
 N - a wand of flame (31)
Scrolls
 f - 3 scrolls of fog
 i - a scroll of random uselessness {unknown}
 l - 5 scrolls of enchant armour
 m - 4 scrolls of teleportation
 o - 2 scrolls of amnesia
 y - 4 scrolls of remove curse
 D - 2 scrolls of vulnerability {unknown}
 I - a scroll of enchant weapon
 T - a scroll of immolation {unknown}
Potions
 a - a potion of invisibility {unknown}
 j - 3 potions of mutation
 v - 2 potions of haste
 w - 4 potions of cancellation
 z - 4 potions of curing
 B - 5 potions of flight
 C - 3 potions of heal wounds
 E - 4 potions of agility
 F - 2 potions of brilliance
 G - 2 potions of might {unknown}
 P - 2 potions of magic {unknown}
 U - a potion of degeneration {unknown}
Books
 c - a book of Minor Magic

   Spells                             Type                      Level
   a - Magic Dart                     Conjuration                  1
   b - Blink                          Translocation                2
   c - Call Imp                       Summoning                    2
   d - Slow                           Hexes                        2
   e - Conjure Flame                  Conjuration/Fire             3
   f - Mephitic Cloud                 Conjuration/Poison/Air       3
 p - a book of Cantrips

   Spells                             Type                      Level
   a - Confusing Touch                Hexes                        1
   b - Animate Skeleton               Necromancy                   1
   c - Summon Small Mammal            Summoning                    1
   d - Apportation                    Translocation                1
 L - a book of Air

   Spells                             Type                      Level
   a - Shock                          Conjuration/Air              1
   b - Swiftness                      Charms/Air                   2
   c - Static Discharge               Conjuration/Air              3
   d - Airstrike                      Air                          4
   e - Lightning Bolt                 Conjuration/Air              5
 M - a book of Party Tricks

   Spells                             Type                      Level
   a - Summon Butterflies             Summoning                    1
   b - Apportation                    Translocation                1
   c - Lesser Beckoning               Translocation                3
   d - Tukima's Dance                 Hexes                        3
   e - Alistair's Intoxication        Transmutation/Poison         5
   f - Invisibility                   Hexes                        6
Comestibles
 b - 5 chunks of flesh
 d - 13 rations


   Skills:
 + Level 5.5 Fighting
 + Level 5.0 Maces & Flails
 + Level 5.4 Armour
 + Level 4.5 Dodging
 - Level 2.1 Stealth
 - Level 7.9 Spellcasting
 - Level 8.6 Conjurations
   Level 0.8 Summonings
   Level 0.8 Translocations
 + Level 7.2 Fire Magic
 * Level 6.0 Air Magic
 + Level 4.4 Evocations


You had 14 spell levels left.
You knew the following spells:

 Your Spells              Type           Power        Failure   Level  Hunger
a - Magic Dart            Conj           ####         1%          1    None
b - Conjure Flame         Conj/Fire      #####...     1%          3    None
c - Mephitic Cloud        Conj/Pois/Air  ####....     1%          3    None
d - Shock                 Conj/Air       ####         1%          1    None
e - Airstrike             Air            #####.....   1%          4    ###....


Dungeon Overview and Level Annotations

Branches:
Dungeon (11/15)            Temple (1/1) D:6             Orc (0/2) D:10
   Lair: D:8-11

Altars:
Ashenzari
Cheibriados
Dithmenos
Elyvilon
Fedhas
Gozag
Hepliaklqana
Kikubaaqudgha
Makhleb
Nemelex Xobeh
Okawaru
Qazlal
Ru
Sif Muna
Trog
Uskayaw
Vehumet
Wu Jian
Xom
Yredelemnul
Zin
The Shining One
Jiyva

Shops:
D:9 !   D:10 *

Annotations:
D:3 Hobbes's ghost, amateur DrFi


Innate Abilities, Weirdness & Mutations

You are resistant to torment.
Your stone body is resilient. (AC +8)
You are immune to poison.
You resist negative energy. (rN+)
You are resistant to electric shocks. (rElec)
You can survive without breathing.
You are immune to petrification.
You are immune to rotting.


Message History

Aim: a skeletal warrior, wielding a glaive (flame, lightly damaged)
The magic dart hits the skeletal warrior.
The skeletal warrior is almost destroyed.
The skeletal warrior is engulfed in blazing flames.
The skeletal warrior hits you from afar with a glaive!
* * * LOW HITPOINT WARNING * * *
The skeletal warrior is engulfed in blazing flames.
You destroy the skeletal warrior!
Vehumet accepts your kill.
Your Maces & Flails skill increases to level 5!
Your Air Magic skill increases to level 6!
You have reached level 12!
Your experience leads to an increase in your attributes!
Your base attributes are Str 11, Int 22, Dex 8.
Increase (S)trength, (I)ntelligence, or (D)exterity?
You feel clever.
You feel stronger.
A skeletal warrior comes into view. It is wielding a flail.
The skeletal warrior is engulfed in blazing flames.
The skeletal warrior hits you from afar with a glaive!
You die...

### P♣♣♣. ...
.P.... #.# ......
#.# #.PS. #.# ..P♣
##.###..P♣
#.......P♣
#)####...5.....P.P
#@# #...........
#)# #........P.P
##z## #..♣♣♣P.P♣ ♣
######...## #.P♣
♣P.P♣ ♣
...........#
#..♣♣♣P..♣♣♣
#######....#
#...).....P.
##.#z###...........
#.....[....P...P..
#...###.P♣♣♣..P♣♣♣


You could see 2 skeletal warriors.

Vanquished Creatures
  Gastronok (D:10)
  2 two-headed ogres (D:9)
  A centaur warrior (D:9)
  2 skeletal warriors
  An ugly thing (D:10)
  A centaur zombie (D:11)
  The ghost of littlecub the Conjurer, a novice DEFE of Vehumet (D:6)
  2 trolls
  A hornet (D:6)
  2 hippogriffs
  Sigmund (D:5)
  A shadow (D:9)
  6 yaks (D:9)
  3 hungry ghosts
  The ghost of estick the Grave Robber, an amateur DDNe (D:7)
  A water moccasin (D:10)
  6 orc warriors
  An ice beast (D:8)
  2 sky beasts
  3 phantoms
  A necrophage (D:10)
  6 ogres
  4 centaurs
  2 big kobolds (Sewer)
  6 bullfrogs
  A wyvern zombie (D:10)
  4 killer bees (D:9)
  5 wights (D:10)
  2 howler monkeys (D:7)
  2 lava snakes (D:8)
  8 crimson imps
  A quasit (D:9)
  6 jellies
  6 hounds
  9 orc wizards
  3 centaur skeletons
  5 orc priests
  Ijyb (D:5)
  5 iguanas
  8 worker ants
  Terence (D:3)
  3 hound skeletons
  2 worker ant zombies
  A howler monkey zombie (D:9)
  8 gnolls
  9 adders
  A river rat (D:6)
  A shadow imp (D:8)
  8 oozes
  3 adder skeletons
  A worm (D:4)
  5 dart slugs
  4 leopard geckos
  54 orcs
  9 bats
  6 giant cockroaches
  9 goblins
  8 hobgoblins
  10 jackals
  21 kobolds
  4 quokkas
  4 ball pythons
  6 frilled lizards
  A leopard gecko skeleton (D:5)
  A quokka skeleton (D:7)
  A quokka zombie (D:8)
  16 rats
321 creatures vanquished.

Vanquished Creatures (others)
  A centaur (D:6)
  A kobold (Sewer)
  A plant (D:11)
3 creatures vanquished.

Grand Total: 324 creatures vanquished

Notes
Turn   | Place    | Note
-------+----------+-------------------------------------------
     0 | D:1      | ricardofg the Gargoyle Wizard began the quest for the Orb.
     0 | D:1      | Reached XP level 1. HP: 10/10 MP: 4/4
   116 | D:1      | Reached XP level 2. HP: 15/15 MP: 4/6
   250 | D:1      | Reached skill level 2 in Conjurations
   469 | D:1      | Reached XP level 3. HP: 19/19 MP: 8/8
  1306 | D:2      | You fall through a shaft!
  1312 | D:3      | Learned a level 3 spell: Conjure Flame
  1316 | D:3      | Learned a level 3 spell: Mephitic Cloud
  1338 | D:3      | Noticed Terence
  1451 | D:3      | Reached XP level 4. HP: 8/24 MP: 2/9
  1647 | D:3      | Noticed Hobbes's ghost (amateur DrFi)
  1663 | D:3      | Found a bloodstained altar of Trog.
  1717 | D:3      | Reached skill level 3 in Conjurations
  1811 | D:3      | Found a shattered altar of Ashenzari.
  3294 | D:3      | Killed Terence
  3294 | D:3      | Reached XP level 5. HP: 23/28 MP: 1/11
  3961 | D:4      | Reached skill level 4 in Conjurations
  4292 | D:4      | Got a jewelled short sword
  4293 | D:4      | Identified the +5 short sword of Springtime {speed, *Drain +Fly rF+ Str+3} (You found it on level 4 of the Dungeon)
  4322 | D:4      | Found a shadowy altar of Dithmenos.
  4331 | D:4      | Reached XP level 6. HP: 23/32 MP: 13/13
  4343 | D:4      | Reached skill level 5 in Spellcasting
  4730 | D:4      | Found an ancient bone altar of Kikubaaqudgha.
  4938 | D:4      | Reached skill level 5 in Conjurations
  5062 | D:5      | Entered Level 5 of the Dungeon
  5444 | D:5      | Reached XP level 7. HP: 31/36 MP: 13/15
  5516 | D:5      | Noticed Ijyb
  5530 | D:5      | Killed Ijyb
  5604 | D:5      | Reached skill level 6 in Conjurations
  5714 | D:5      | Found a hide-covered altar of Uskayaw.
  5836 | D:5      | Found a hide-covered altar of Uskayaw.
  6330 | D:5      | Reached XP level 8. HP: 41/41 MP: 13/17
  6333 | D:5      | Noticed Sigmund
  6338 | D:5      | Killed Sigmund
  6338 | D:5      | Reached skill level 7 in Conjurations
  6607 | D:6      | Noticed littlecub's ghost (novice DEFE)
  6618 | D:6      | Killed littlecub's ghost
  6618 | D:6      | Reached skill level 8 in Conjurations
  6673 | D:6      | Found a glowing golden altar of the Shining One.
  6953 | D:6      | Found a glowing drain.
  6965 | Sewer    | Entered a sewer
  7257 | Sewer    | Reached XP level 9. HP: 45/45 MP: 16/20
  7634 | D:6      | Found a staircase to the Ecumenical Temple.
  7643 | Temple   | Entered the Ecumenical Temple
  7825 | Temple   | Became a worshipper of Vehumet
  7974 | D:6      | Reached skill level 1 in Fire Magic
  8267 | D:7      | Found a deep blue altar of Sif Muna.
  8274 | D:7      | Noticed estick's ghost (amateur DDNe)
  8423 | D:6      | Reached skill level 1 in Air Magic
  8442 | D:6      | Reached skill level 1 in Fighting
  8442 | D:6      | Reached skill level 1 in Maces & Flails
  8442 | D:6      | Reached skill level 1 in Armour
  8486 | D:7      | Noticed a hornet
  8525 | D:6      | Killed a hornet
  8525 | D:6      | Reached skill level 1 in Evocations
  9194 | D:7      | Found a blossoming altar of Fedhas.
  9273 | D:7      | Killed estick's ghost
  9273 | D:7      | Reached * piety under Vehumet
  9273 | D:7      | Offered knowledge of Shock by Vehumet.
 10060 | D:8      | Reached XP level 10. HP: 54/54 MP: 21/21
 10456 | D:8      | Found a viscous altar of Jiyva.
 11240 | D:8      | Learned a level 1 spell: Shock
 11260 | D:8      | Offered knowledge of Flame Tongue by Vehumet.
 11345 | D:9      | Reached ** piety under Vehumet
 11523 | D:9      | Found Moneaf's Distillery.
 11539 | D:9      | Learned a level 4 spell: Airstrike
 11621 | D:9      | Noticed a two-headed ogre
 11632 | D:9      | Noticed a two-headed ogre
 11652 | D:9      | Killed a two-headed ogre
 11663 | D:9      | Reached skill level 5 in Fire Magic
 12235 | D:9      | Killed a two-headed ogre
 12706 | D:9      | Reached XP level 11. HP: 50/61 MP: 13/22
 12781 | D:9      | Noticed a centaur warrior
 12796 | D:9      | Killed a centaur warrior
 12796 | D:9      | Offered knowledge of Dazzling Spray by Vehumet.
 12818 | D:9      | Got a slimy platinum ring
 12913 | D:9      | Got a glittering bone ring
 12916 | D:9      | Noticed a skeletal warrior
 12935 | D:9      | Killed a skeletal warrior
 12935 | D:9      | Reached skill level 5 in Air Magic
 12972 | D:9      | Got a translucent golden ring
 12976 | D:9      | Identified the ring "Heommiupn" {Wiz rF++ MR- Slay+3} (You took it off a skeletal warrior on level 9 of the Dungeon)
 12978 | D:9      | Identified the ring "Deta" {+Blink Str+3 Dex+2} (You took it off a centaur warrior on level 9 of the Dungeon)
 12980 | D:9      | Identified the ring "Liaweul" {rC+ rN+ Str-5 Int+5 Dex-5} (You found it on level 9 of the Dungeon)
 12989 | D:9      | Got a scorched brass amulet
 13409 | D:10     | Entered Level 10 of the Dungeon
 13562 | D:10     | Found Sevvaezabb's General Store.
 13638 | D:10     | Reached *** piety under Vehumet
 13802 | D:10     | Found a staircase to the Orcish Mines.
 13810 | D:10     | Offered knowledge of Ignite Poison by Vehumet.
 14229 | D:10     | Noticed Gastronok
 14241 | D:10     | Reached **** piety under Vehumet
 14241 | D:10     | Reached skill level 5 in Fighting
 14256 | D:10     | Killed Gastronok
 14256 | D:10     | Reached skill level 5 in Armour
 14752 | D:11     | Noticed a red ugly thing
 14860 | D:10     | Killed a red ugly thing
 14860 | D:10     | Offered knowledge of Force Lance by Vehumet.
 15213 | D:11     | Noticed a skeletal warrior
 15219 | D:11     | Noticed a skeletal warrior
 15259 | D:11     | Killed a skeletal warrior
 15259 | D:11     | Reached skill level 5 in Maces & Flails
 15259 | D:11     | Reached XP level 12. HP: 8/68 MP: 9/23
 15260 | D:11     | Mangled by a skeletal warrior

Skill      XL: |  1  2  3  4  5  6  7  8  9 10 11 |
---------------+----------------------------------+-----
Conjurations   | 2 3 4 5 6 8 |  8.6
Spellcasting   | 4 5 6 7 |  7.9
Fire Magic     | 3 5 7 |  7.2
Air Magic      | 2 4 6 |  6.0
Fighting       | 2 4 5 |  5.5
Maces & Flails | 2 3 5 |  5.0
Armour         | 2 4 5 |  5.4
Dodging        | 2 3 4 |  4.5
Evocations     | 2 3 4 |  4.4
Stealth        | |  2.1
Summonings     | |  0.8
Translocations | |  0.8

Action                   |  1- 3 |  4- 6 |  7- 9 | 10-12 || total
-------------------------+-------+-------+-------+-------++-------
Melee: Unarmed           |     4 |       |       |       ||     4
       Dagger            |   111 |    54 |       |       ||   165
       Short sword       |       |    52 |   300 |   342 ||   694
Throw: Tomahawk          |       |       |       |     3 ||     3
 Cast: Magic Dart        |    26 |    81 |   121 |    90 ||   318
       Mephitic Cloud    |     3 |     6 |    20 |    27 ||    56
       Conjure Flame     |       |     3 |     1 |    16 ||    20
       Shock             |       |       |       |   122 ||   122
       Airstrike         |       |       |       |     5 ||     5
Evoke: Wand              |       |       |     2 |    11 ||    13
  Use: Scroll            |     3 |     3 |     6 |     6 ||    18
       Potion            |       |     2 |       |       ||     2
 Stab: Sleeping          |     3 |     2 |     3 |     3 ||    11
       Confused          |       |     2 |     8 |     5 ||    15
  Eat: Chunk             |     2 |     6 |    14 |    15 ||    37
       Ration            |       |     2 |     1 |     1 ||     4
Armor: Robe              |    35 |    39 |    95 |   115 ||   284
       Skin              |       |    20 |       |       ||    20
Dodge: Dodged            |    89 |    76 |   141 |   185 ||   491
Block: Other             |       |     3 |    93 |    89 ||   185
       Reflection        |       |     2 |    10 |     2 ||    14
